 Dungeon Crawl Stone Soup version 0.28-a0-1510-gd0f6b136d3 (webtiles) character file.

Game seed: 14875969040801291905

672 avis the Sneak (level 7, -1/62 HPs)
             Began as a Deep Dwarf Necromancer on Jan 16, 2022.
             Slain by an ogre (16 damage)
             ... on level 5 of the Dungeon.
             The game lasted 00:37:25 (6787 turns).

avis the Sneak (Deep Dwarf Necromancer)             Turns: 6787, Time: 00:37:26

Health: -1/62      AC:  3    Str: 12    XL:     7   Next: 32%
Magic:  4/10       EV: 12    Int: 17    God:
Gold:   87         SH:  0    Dex: 13    Spells: 8/12 levels left

rFire   . . .      SeeInvis .   b - +0 falchion
rCold   + . .      Faith    .   (no shield)
rNeg    + . .      Spirit   .   k - +0 leather armour
rPois   .          Reflect  .   (no helmet)
rElec   .          Harm     .   (no cloak)
rCorr   .          Rampage  .   (no gloves)
Will    +....                   (no boots)
Stlth   +++.......              (no amulet)
HPRegen 0.00/turn               h - ring of positive energy
MPRegen 0.12/turn               q - ring of protection from cold

@: no status effects
A: damage resistance, heal wounds, sense surroundings 1, no regeneration
a: Heal Wounds


You were on level 5 of the Dungeon.
You visited 1 branch of the dungeon, and saw 5 of its levels.

You collected 169 gold pieces.
You spent 82 gold pieces at shops.

Inventory:

Hand Weapons
 b - a +0 falchion (weapon)
Missiles
 c - 36 bolts
 i - 46 stones
 j - 11 boomerangs
 t - 26 sling bullets
 x - 58 arrows
 y - a curare-tipped dart
Armour
 k - a +0 leather armour (worn)
Magical Staves
 a - a staff of cold
Jewellery
 h - a ring of positive energy (left hand)
 q - a ring of protection from cold (right hand)
 C - a ring of protection from fire
Scrolls
 e - a scroll of enchant armour {unknown}
 f - a scroll of blinking {unknown}
 l - 3 scrolls of identify
 m - 3 scrolls of enchant weapon {unknown}
 n - a scroll of torment {unknown}
 o - a scroll of fog
 p - a scroll of amnesia {unknown}
 u - 2 scrolls of immolation {unknown}
 v - a scroll of magic mapping
 w - a scroll of summoning {unknown}
 z - a scroll of fear {unknown}
 B - a scroll of noise {unknown}
 D - a scroll of teleportation {unknown}
Potions
 d - 3 potions of flight
 r - a potion of mutation
 s - a potion of haste
 A - 2 potions of curing


   Skills:
 * Level 3.5 Fighting
 - Level 2.1 Dodging
 - Level 7.0 Stealth
 - Level 3.0 Spellcasting
 - Level 6.0 Necromancy


You had 8 spell levels left.
You knew the following spells:

 Your Spells              Type           Power      Damage    Failure   Level
a - Pain                  Necr           88%        1d8       1%          1
d - Vampiric Draining     Necr           22%        2d7       5%          3

Your spell library contained the following spells:

 Spells                   Type           Power      Damage    Failure   Level
 Animate Skeleton         Necr           44%        N/A       1%          1
 Animate Dead             Necr           11%        N/A       19%         4
 Sting                    Tmut/Pois      8%         1d3       22%         1
 Poisonous Vapours        Pois/Air       4%         N/A       32%         2
 Agony                    Necr           22%        N/A       45%         5
 Frozen Ramparts          Ice            4%         1d2       54%         3
 Ice Form                 Ice/Tmut       2%         N/A       91%         4
 Olgreb's Toxic Radiance  Pois           2%         N/A       91%         4
 Summon Ice Beast         Ice/Summ       2%         N/A       91%         4


Dungeon Overview and Level Annotations

Branches:
Dungeon (5/15)
 Temple: D:4-7

Altars:
Uskayaw
Wu Jian
Yredelemnul
The Shining One

Shops:
D:2 ?

Annotations:
D:5 Grinder


Innate Abilities, Weirdness & Mutations

You are resistant to damage.
You can heal yourself by infusing magical energy.
You passively map a small area around you.
You do not regenerate.


Message History

Level annotation: Grinder
There is a stone staircase leading up, spattered with blood here.
An orc comes into view. It is wielding a +0 short sword.
The orc moves out of view.
There is an open door here.
You close the door.
Casting: Pain (safe; 1% risk of failure)
Confirm with . or Enter, or press ? or * to list all spells.
Aiming: Vampiric Draining (dangerous; 5% risk of failure)
Press: ? - help, Shift-Dir - straight line, f - orc
Aim: an orc, wielding a +0 short sword You draw life force from the orc!
You kill the orc!
You feel life coursing into your body.
Your life force feels restored.
You now have enough gold to buy a scroll of silence on D:2, or buy a scroll of vulnerability on D:2.
You can access your shopping list by pressing '$'.
You now have 87 gold pieces (gained 8).
You see here a +0 short sword.
You close the door.
You start resting.
Magic restored.
An ogre comes into view. It is wielding a +0 giant club.
The ogre shouts!
Casting: Vampiric Draining (dangerous; 5% risk of failure)
Confirm with . or Enter, or press ? or * to list all spells.
Aiming: Vampiric Draining (dangerous; 5% risk of failure)
Press: ? - help, Shift-Dir - straight line, f - ogre
Aim: an ogre, wielding a +0 giant club You draw life force from the ogre!
You feel life coursing into your body.
The ogre hits you with a +0 giant club!!
* * * LOW HITPOINT WARNING * * *
Casting: Vampiric Draining (dangerous; 5% risk of failure)
Confirm with . or Enter, or press ? or * to list all spells.
Aiming: Vampiric Draining (dangerous; 5% risk of failure)
Press: ? - help, Shift-Dir - straight line, f/p - ogre
Aim: an ogre, wielding a +0 giant club (moderately wounded)
You draw life force from the ogre.
You feel life coursing into your body.
The ogre hits you with a +0 giant club!!
You die...

....#......# ,
....+......# , , ,
....#......+ , , ,
....#......#,,,, *
....#.)....##########
....#......##.......#
....+...............#
....#...............#
....#...........@...#
....#########....O..#
............#.......#
............#########
....................#
.<..................#
....................#
....####'###........#
....'......#........#


You could see an ogre.

Vanquished Creatures
  A necrophage (D:4)
  An ogre (D:5)
  A kobold brigand (D:4)
  A jelly (D:5)
  2 gnoll shamans
  Natasha (thrice) (D:3)
  3 orc wizards
  3 adders
  11 gnolls
  2 worms
  12 orcs
  5 bats
  4 endoplasms
  2 giant cockroaches
  5 goblins
  2 hobgoblins (D:4)
  6 kobolds (D:1)
  2 quokkas
  4 ball pythons
  2 frilled lizards
  5 rats
77 creatures vanquished.

Notes
Turn   | Place    | Note
-------+----------+-------------------------------------------
     0 | D:1      | avis the Deep Dwarf Necromancer began the quest for the
                  | Orb.
     0 | D:1      | Reached XP level 1. HP: 15/15 MP: 3/3
   411 | D:1      | Reached XP level 2. HP: 22/22 MP: 1/4
   522 | D:1      | Reached skill level 5 in Necromancy
   924 | D:1      | Reached skill level 3 in Stealth
  1678 | D:2      | Found Sypperph's Magic Scroll Emporium.
  1800 | D:2      | Reached skill level 1 in Fighting
  1910 | D:2      | Found a faded altar of an unknown god.
  1916 | D:2      | Reached XP level 3. HP: 31/31 MP: 3/5
  1941 | D:2      | Learned a level 3 spell: Vampiric Draining
  2505 | D:2      | Bought a scroll of identify for 22 gold pieces
  2505 | D:2      | Bought a scroll of fog for 22 gold pieces
  2603 | D:3      | Noticed Natasha
  2608 | D:3      | Killed Natasha
  2649 | D:3      | Reached XP level 4. HP: 33/39 MP: 7/7
  2681 | D:3      | Found a glowing golden altar of the Shining One.
  2685 | D:3      | Noticed Natasha
  2700 | D:3      | Killed Natasha
  2701 | D:3      | Reached skill level 4 in Stealth
  2828 | D:3      | Noticed Natasha
  2834 | D:3      | Killed Natasha
  2959 | D:3      | Reached skill level 5 in Stealth
  3207 | D:3      | Found an ornate altar of the Wu Jian Council.
  3478 | D:2      | Bought a scroll of magic mapping for 38 gold pieces
  3540 | D:4      | Reached XP level 5. HP: 45/45 MP: 8/8
  3879 | D:4      | Found a hide-covered altar of Uskayaw.
  4324 | D:4      | Reached skill level 6 in Stealth
  4324 | D:4      | Reached XP level 6. HP: 29/56 MP: 0/9
  5170 | D:4      | Found a basalt altar of Yredelemnul.
  5318 | D:5      | Entered Level 5 of the Dungeon
  6110 | D:4      | Reached skill level 7 in Stealth
  6110 | D:4      | Reached XP level 7. HP: 16/55 MP: 10/10
  6598 | D:5      | Noticed Grinder
  6787 | D:5      | Slain by an ogre

Illustrated notes

Levels and vault maps discovered:
D:1:      lemuel_arrival_lava_pool, layout_basic
D:2:      layout_basic, shapermc_ecumenical_altar_mp_highgroup, serial_shops,
          shop
D:3:      layout_basic, tso_metal_star, nzn_wu_jian_council_hall, uniq_natasha
D:4:      layout_loops_corners, lemuel_tele_altar, mainiacjoe_overflow_brackets,
          abandoned_shop
D:5:      layout_gridville, grunt_gozag_statues, uniq_grinder

Skill      XL: |  1  2  3  4  5  6  7 |
---------------+----------------------+-----
Necromancy     | 5 6 |  6.0
Stealth        | 3 5 6 7 |  7.0
Fighting       | 1 2 3 |  3.5
Spellcasting   | 2 3 |  3.0
Dodging        | |  2.1

Action                   |  1- 3 |  4- 6 |  7- 9 || total
-------------------------+-------+-------+-------++-------
Melee: Dagger            |     6 |    72 |       ||    78
       Falchion          |       |    18 |       ||    18
       Staff             |       |     7 |       ||     7
 Cast: Pain              |    65 |     9 |     3 ||    77
       Vampiric Draining |       |    57 |    12 ||    69
 Abil: Heal Wounds       |       |     3 |       ||     3
  Use: Scroll            |     1 |     3 |       ||     4
 Stab: Sleeping          |     2 |     2 |       ||     4
Armor: Leather armour    |    10 |    19 |     1 ||    30
Dodge: Dodged            |     3 |    96 |     4 ||   103

Table legend: (Time is in decaauts)
 A = Elapsed time spent in this place.
 B = Non-inter-level travel time spent in this place.
 C = Inter-level travel time spent in this place.
 D = Time resting spent in this place.
 E = Time spent auto-exploring this place.
 F = Levels seen in this place.
 G = Mean time per level.
                   A        B        C        D        E       F      G
               +--------+--------+--------+--------+--------+-----+--------+
         Total |   6865 |   6382 |    483 |   2588 |   2349 |   5 | 1373.0 |
       Dungeon |   6865 |   6382 |    483 |   2588 |   2349 |   5 | 1373.0 |
               +--------+--------+--------+--------+--------+-----+--------+

Top non-repeatable levels by time:
     D:4: 2558 daAuts
     D:1: 1483 daAuts
     D:3: 1347 daAuts
     D:2: 1159 daAuts
     D:5: 316 daAuts
